 Dungeon Crawl Stone Soup version 0.26-a0-597-gb535b0901c (webtiles) character file.

Game seed: 15534084889432212796

194 hickop the Magician (level 5, -1/35 HPs)
             Began as a Mummy Venom Mage on Sept 7, 2020.
             Was an Initiate of Makhleb.
             Shot with an arrow by a centaur (14 damage)
             ... on level 5 of the Dungeon.
             The game lasted 00:14:48 (3675 turns).

hickop the Magician (Mummy Venom Mage)              Turns: 3675, Time: 00:14:49

Health: -1/35      AC:  2    Str: 11    XL:     5   Next: 44%
Magic:  3/11       EV: 12    Int: 16    God:    Makhleb [......]
Gold:   118        SH:  0    Dex: 12    Spells: 9/12 levels left

rFire    x . .     SeeInvis .   l - +2 mace (drain)
rCold    + . .     Faith    .   (no shield)
rNeg     + + +     Spirit   .   a - +0 robe
rPois    ∞         Reflect  .   (no helmet)
rElec    .         Harm     .   (no cloak)
rCorr    .                      (no gloves)
MR       .....                  (no boots)
Stlth    +.........             (no amulet)
HPRegen  0.11/turn              (no ring)
MPRegen  0.12/turn              (no ring)

@: glowing
A: no potions, fire vulnerability, cold resistance 1, negative energy resistance
3, torment resistance, unbreathing
a: Renounce Religion


You were on level 5 of the Dungeon.
You worshipped Makhleb.
Makhleb was noncommittal.
You visited 1 branch of the dungeon, and saw 5 of its levels.

You collected 118 gold pieces.

Inventory:

Hand Weapons
 k - a +1 short sword of flaming
 l - a +2 mace of draining (weapon)
Missiles
 d - 48 stones
 e - 15 poisoned darts (quivered)
Armour
 a - a +0 robe (worn)
Wands
 h - a wand of random effects (19)
Scrolls
 b - 4 scrolls of identify
 c - a scroll of teleportation
 f - 2 scrolls of amnesia
 g - 2 scrolls of enchant armour
 i - a scroll of magic mapping
 j - a scroll of fear


   Skills:
 - Level 1.5 Dodging
 - Level 1.9 Stealth
 + Level 4.2 Spellcasting
 + Level 1.6 Transmutations
 + Level 0.4 Air Magic
 * Level 4.0 Poison Magic


You had 9 spell levels left.
You knew the following spells:

 Your Spells              Type           Power        Failure   Level
a - Sting                 Tmut/Pois      ##..         4%          1
b - Poisonous Vapours     Pois/Air       ##....       10%         2

Your spell library contained the following spells:

 Spells                   Type           Power        Failure   Level
 Ignite Poison            Fire/Tmut/Pois #.......     22%         3
 Mephitic Cloud           Conj/Pois/Air  #.......     26%         3
 Olgreb's Toxic Radiance  Pois           ###.....     30%         4


Dungeon Overview and Level Annotations

Branches:
Dungeon (5/15)
 Temple: D:4-7

Altars:
Makhleb
Okawaru


Innate Abilities, Weirdness & Mutations

You do not drink.
Your flesh is vulnerable to fire.
You are immune to poison.
Your flesh is cold resistant. (rC+)
You are immune to negative energy. (rN+++)
You are immune to unholy pain and torment.
You can survive without breathing.


Message History

Aim: a gnoll shaman, wielding a +0 whip and wearing a +0 leather armour Poisonous vapours surround the gnoll shaman!
The gnoll shaman is engulfed in poison gas.
The gnoll shaman is poisoned.
The gnoll shaman invokes the aid of its god against you.
You are outlined in light.
The gnoll shouts!
Your magical contamination has completely faded away.
There is a stone staircase leading down here.
You climb downwards.
A centaur comes into view.
Found an iron altar of Okawaru.
There is a stone staircase leading up here.
The centaur wields a +0 shortbow.
The centaur shoots an arrow.
The arrow hits you!
You see here an arrow.
The centaur shoots an arrow.
The arrow barely misses you.
The centaur shoots an arrow.
The arrow hits you!
The centaur shoots an arrow.
The arrow hits you!
You die...

.# ###c###
..._..#
##......#
##........
##......... #.
#..........
#..##.@<.......
#....(........
###...........
#...........
#...#........
#..#####......
...# #....#
#..# #.... ###
#.#


You could see a centaur.

Vanquished Creatures
  A hound (D:3)
  An orc wizard (D:3)
  Ijyb (D:2)
  3 adders
  2 gnolls (D:4)
  A dart slug (D:2)
  2 leopard geckos
  6 orcs
  6 bats
  5 goblins
  3 hobgoblins
  4 jackals
  8 kobolds
  A frilled lizard (D:2)
  13 rats
57 creatures vanquished.

Vanquished Creatures (others)
  A plant (D:2)
1 creature vanquished.

Grand Total: 58 creatures vanquished

Notes
Turn   | Place    | Note
-------+----------+-------------------------------------------
     0 | D:1      | hickop the Mummy Venom Mage began the quest for the Orb.
     0 | D:1      | Reached XP level 1. HP: 13/13 MP: 4/4
   286 | D:1      | Reached XP level 2. HP: 19/19 MP: 2/5
  1085 | D:2      | Learned a level 2 spell: Poisonous Vapours
  1179 | D:2      | Found a burning altar of Makhleb.
  1192 | D:2      | Became a worshipper of Makhleb the Destroyer
  1230 | D:2      | Reached skill level 1 in Transmutations
  1321 | D:2      | Reached XP level 3. HP: 24/24 MP: 5/7
  2507 | D:3      | Noticed Ijyb
  2573 | D:2      | Killed Ijyb
  2573 | D:2      | Reached XP level 4. HP: 26/30 MP: 1/9
  3089 | D:3      | Reached XP level 5. HP: 29/35 MP: 5/10
  3636 | D:4      | Noticed a phantom
  3672 | D:5      | Entered Level 5 of the Dungeon
  3672 | D:5      | Found an iron altar of Okawaru.
  3672 | D:5      | Noticed a centaur
  3675 | D:5      | Shot with an arrow by a centaur

Illustrated notes

Levels and vault maps discovered:
D:1:      evilmike_arrival_rings, layout_loops_cross, chequers_mini_garden
D:2:      layout_basic, lemuel_crystal_altar, serial_forest,
          infiniplex_forest_lined_1, infiniplex_forest_corner_1,
          infiniplex_forest_lined_room_3, infiniplex_forest_lined_room_2,
          infiniplex_forest_clump_tiny, infiniplex_forest_zigzag_2
D:3:      layout_loops_ring, uniq_ijyb
D:4:      layout_basic
D:5:      layout_cave_pods, nicolae_ru_sacrificial_ziggurat,
          overflow_temple_1_default, marbit_many_paths,
          nicolae_overflow_hidden_temple, basic_altar, hangedman_decor_opposing

Skill      XL: |  1  2  3  4  5 |
---------------+----------------+-----
Poison Magic   | 3 4 |  4.0
Spellcasting   | 3 4 |  4.2
Transmutations | 1 |  1.6
Dodging        | |  1.5
Stealth        | |  1.9
Air Magic      | |  0.4

Action                   |  1- 3 |  4- 6 || total
-------------------------+-------+-------++-------
Melee: Unarmed           |     2 |     1 ||     3
       Short sword       |       |     3 ||     3
       Mace              |       |     1 ||     1
Throw: Dart              |     9 |       ||     9
 Cast: Sting             |    63 |    15 ||    78
       Poisonous Vapours |     3 |    15 ||    18
  Use: Scroll            |     4 |     3 ||     7
Armor: Robe              |    12 |       ||    12
Dodge: Dodged            |    56 |    13 ||    69

Table legend: (Time is in decaauts)
 A = Elapsed time spent in this place.
 B = Non-inter-level travel time spent in this place.
 C = Inter-level travel time spent in this place.
 D = Time resting spent in this place.
 E = Time spent auto-exploring this place.
 F = Levels seen in this place.
 G = Mean time per level.
                   A        B        C        D        E       F      G
               +--------+--------+--------+--------+--------+-----+--------+
         Total |   3676 |   3509 |    167 |    437 |   2586 |   5 |  735.2 |
       Dungeon |   3676 |   3509 |    167 |    437 |   2586 |   5 |  735.2 |
               +--------+--------+--------+--------+--------+-----+--------+

Top non-repeatable levels by time:
     D:2: 1552 daAuts
     D:1: 1113 daAuts
     D:3: 919 daAuts
     D:4: 88 daAuts
     D:5: 2 daAuts
